 Dungeon Crawl Stone Soup version 0.23.1 (console) character file.

Game seed: 10940039343496509511

208 fly the Changer (level 5, -1/33 HPs)
             Began as an Octopode Transmuter on Mar 19, 2019.
             Slain by an iguana (14 damage)
             ... on level 4 of the Dungeon.
             The game lasted 00:07:02 (2913 turns).

fly the Changer (Octopode Transmuter)               Turns: 2913, Time: 00:07:02

Health: -1/33      AC:  1    Str:  9    XL:     5   Next: 86%
Magic:  8/8        EV: 13    Int: 15    God:
Gold:   168        SH:  5    Dex: 14    Spells: 7/8 levels left

rFire    . . .     SeeInvis .     - Unarmed
rCold    . . .     Gourm    .   i - +2 buckler
rNeg     . . .     Faith    .   (helmet restricted)
rPois    .         Spirit   .   n - amulet of magic regeneration
rElec    .         Reflect  .   b - ring of teleportation (curse)
rCorr    .         Harm     .   (no ring)
MR       .....     Rnd*Tele +   (no ring)
Stlth    ++........             (no ring)
HPRegen  0.11/turn              (no ring)
MPRegen  0.36/turn              (no ring)
                                (no ring)
                                (no ring)

@: appendage
A: almost no armour, stealthy swim, amphibious, 8 rings, constrict 8, tentacle
spike 3, camouflage 1, gelatinous body 1
a: End Transformation


You were on level 4 of the Dungeon.
You were hungry.
One of your tentacles had a temporary spike.
You visited 1 branch of the dungeon, and saw 4 of its levels.

You collected 168 gold pieces.

Inventory:

Missiles
 a - 97 arrows
Armour
 i - a +2 buckler (worn)
Jewellery
 b - a cursed ring of teleportation (left tentacle)
 g - an uncursed ring of ice
 n - an amulet of magic regeneration (around mantle)
Scrolls
 d - a scroll of magic mapping
 f - 3 scrolls of teleportation
 j - a scroll of enchant armour
 k - a scroll of blinking
 o - 2 scrolls of fear {unknown}
 q - a scroll of fog {unknown}
Potions
 e - a potion of heal wounds {unknown}
 l - a potion of cancellation
 m - 2 potions of agility
 p - 3 potions of curing
Comestibles
 c - 10 rations


   Skills:
 - Level 1.0 Fighting
 - Level 2.0 Dodging
 - Level 3.0 Unarmed Combat
 - Level 2.0 Spellcasting
 + Level 5.9 Transmutations


You had 7 spell levels left.
You knew the following spells:

 Your Spells              Type           Power        Failure   Level  Hunger
z - Beastly Appendage     Tmut           ###...       3%          1    #......

Your spell library contained the following spells:

 Spells                   Type           Power        Failure   Level  Hunger
 Sticks to Snakes         Tmut           ###.....     4%          2    ###....
 Spider Form              Tmut/Pois      ##........   32%         3    ###....
 Blade Hands              Tmut           ###.......   65%         5    ######.
 Ice Form                 Ice/Tmut       ##......     73%         4    #####..


Dungeon Overview and Level Annotations

Branches:
Dungeon (4/15)
 Temple: D:4-7

Altars:
Hepliaklqana
Sif Muna
Uskayaw


Innate Abilities, Weirdness & Mutations

You cannot wear most types of armour.
You are very stealthy in the water. (Stealth+)
You are amphibious.
You can wear up to eight rings at the same time.
You can use your tentacles to constrict eight enemies at once.
Your skin changes colour to match your surroundings (Stealth+).
Your rubbery body absorbs attacks. (AC +1, EV +1)
One of your tentacles bears a large vicious spike.


Message History

Found a scroll of identify.
An iguana is nearby!
Casting: Beastly Appendage (safe; 3% risk of failure)
Confirm with . or Enter, or press ? or * to list all spells.
One of your tentacles grows a vicious spike.
You tentacle-slap the iguana but do no damage.
You grab the iguana.
You constrict the iguana, but do no damage.
The iguana bites you.
You tentacle-slap the iguana but do no damage.
You constrict the iguana, but do no damage.
The iguana closely misses you.
A frilled lizard comes into view.
The frilled lizard hisses angrily.
You tentacle-slap the iguana but do no damage.
You constrict the iguana. The iguana bites you!
You tentacle-slap the iguana.
You pierce the iguana.
The iguana is heavily wounded.
You constrict the iguana. The iguana bites you!
You die...

#### # #.. .. #.#
.#
.########.###..#
...............?
#.......# #
#.##.#@.# #.
#....#l.......
#.##.##.##.######
#.......##.#
###....<...#
###..#.##.#l..
..##.......#.#. .
.......<........
..##.......#.#..


You could see an iguana and a frilled lizard.

Vanquished Creatures
  A hound (D:4)
  An orc wizard (D:3)
  6 adders
  An ooze (D:2)
  6 worms
  2 dart slugs
  3 leopard geckos
  5 orcs (D:3)
  7 bats
  5 giant cockroaches
  5 goblins
  8 hobgoblins
  A quokka (D:2)
  A ball python (D:3)
  3 frilled lizards
  8 kobolds
  A leopard gecko skeleton (D:3)
  10 rats
74 creatures vanquished.

Notes
Turn   | Place    | Note
-------+----------+-------------------------------------------
     0 | D:1      | fly the Octopode Transmuter began the quest for the Orb.
     0 | D:1      | Reached XP level 1. HP: 13/13 MP: 3/3
   105 | D:1      | Reached XP level 2. HP: 15/18 MP: 3/5
   264 | D:1      | Reached skill level 3 in Transmutations
   746 | D:2      | Reached XP level 3. HP: 15/23 MP: 6/6
   890 | D:2      | Found a deep blue altar of Sif Muna.
  1057 | D:2      | Reached skill level 4 in Transmutations
  1121 | D:2      | Found a hazy altar of Hepliaklqana.
  1304 | D:2      | Reached XP level 4. HP: 28/28 MP: 7/7
  1583 | D:3      | Found a hide-covered altar of Uskayaw.
  1916 | D:3      | Reached skill level 5 in Transmutations
  1918 | D:3      | Reached XP level 5. HP: 17/33 MP: 8/8
  2913 | D:4      | Slain by an iguana

Skill      XL: |  1  2  3  4 |
---------------+-------------+-----
Transmutations | 3 4 5 |  5.9
Fighting       | |  1.0
Dodging        | |  2.0
Unarmed Combat | |  3.0
Spellcasting   | |  2.0

Action                   |  1- 3 |  4- 6 || total
-------------------------+-------+-------++-------
Melee: Unarmed           |    71 |   102 ||   173
       Constrict         |    20 |    28 ||    48
       Kick              |    13 |    20 ||    33
       Tentacles         |    13 |    23 ||    36
       Punch             |     1 |     1 ||     2
 Cast: Beastly Appendage |    12 |    13 ||    25
  Use: Potion            |       |     3 ||     3
       Scroll            |       |     6 ||     6
 Stab: Sleeping          |     3 |     2 ||     5
  Eat: Chunk             |     1 |     5 ||     6
Armor: Skin              |    12 |    12 ||    24
Dodge: Dodged            |    26 |    39 ||    65
Block: Buckler           |     4 |    16 ||    20
